 Dungeon Crawl Stone Soup version 0.29.1-1-gd02db6906a (webtiles) character file.

Game seed: 13617808087681695850

168 MisterFreud the Twirler (level 5, 0/38 HPs)
             Began as a Formicid Gladiator on Oct 11, 2022.
             Slain by a scorpion (5 damage)
             ... on level 5 of the Dungeon.
             The game lasted 00:03:25 (3772 turns).

MisterFreud the Twirler (Formicid Gladiator)        Turns: 3772, Time: 00:03:25

Health: 0/38       AC:  6    Str: 20    XL:     5   Next: 78%
Magic:  5/5        EV:  8    Int:  8    God:
Gold:   127        SH:  0    Dex: 15    Spells: 4/4 levels left

rFire   . . .      SeeInvis +   a - +1 quarterstaff
rCold   . . .      Faith    .   (no shield)
rNeg    . . .      Spirit   .   e - +1 chain mail
rPois   .          Reflect  .   (helmet unavailable)
rElec   .          Harm     .   (no cloak)
rCorr   .          Rampage  .   (no gloves)
Will    .....                   k - +0 pair of boots
Stlth   ..........              (no amulet)
HPRegen 0.12/turn               (no ring)
MPRegen 0.09/turn               (no ring)

@: lethally poisoned (0 -> -8), corroded
A: permanent stasis, dig shafts and tunnels, antennae 3, four strong arms
a: Dig, Shaft Self


You were on level 5 of the Dungeon.
You visited 1 branch of the dungeon, and saw 5 of its levels.

You collected 127 gold pieces.

Inventory:

Hand Weapons
 a - a +1 quarterstaff (weapon)
Missiles
 c - 3 throwing nets (quivered)
 d - a javelin
 g - 4 poisoned darts
 h - 2 boomerangs
 l - 6 atropa-tipped darts
Armour
 b - a +0 leather armour
 e - a +1 chain mail (worn)
 k - a +0 pair of boots (worn)
Wands
 j - a wand of digging (4)
Scrolls
 f - 6 scrolls of identify
 n - a scroll of enchant armour
Potions
 i - a potion of brilliance


   Skills:
 + Level 2.2 Fighting
 - Level 6.0 Staves
 - Level 2.0 Throwing
 + Level 0.2 Armour
 - Level 2.6 Dodging


You had 4 spell levels left.
You didn't know any spells.
Your spell library contained the following spells:

 Spells                   Type           Power      Damage    Failure   Level
 Ensorcelled Hibernation  Hex/Ice        0%         N/A       100%        2
 Passwall                 Tmut/Erth      0%         N/A       100%        2
 Scorch                   Fire           0%         2d5       100%        2
 Ice Form                 Ice/Tmut       0%         N/A       100%        4
 Swiftness                Air            Unusable   N/A       N/A         3

Dungeon Overview and Level Annotations

Branches:
Dungeon (4/15)
 Temple: D:4-7

Altars:
Dithmenos
Nemelex Xobeh
Okawaru
Sif Muna
Wu Jian

Shops:
D:1 ?


Innate Abilities, Weirdness & Mutations

You cannot be hasted, slowed, berserked, paralysed or teleported.
You can dig through walls and to a lower floor.
You have a pair of large antennae on your head. (SInv)
Your four strong arms can wield two-handed weapons with a shield.


Message History

The jelly is almost dead.
You hear a shout!
The jelly hits you. The acid corrodes you!
You are splashed with acid!
You hit the jelly.
You kill the jelly!
A scorpion comes into view.
Training target 6.0 for Staves reached!
Your Staves skill increases to level 6!
You need to enable at least one skill for training.
You barely miss the orc. The orc barely misses you.
An orc comes into view. It is wielding a +0 mace.
You barely miss the orc. The orc barely misses you.
An orc comes into view. It is wielding a +0 mace.
Found a stone staircase leading up.
The orc shouts!
The orc hits you with a +0 club. The orc attacks as you move away!
The orc hits you but does no damage. The scorpion attacks as you move away!
The scorpion barely misses you. The scorpion stings you.
You hit the scorpion.
The scorpion is moderately wounded.
The scorpion stings you.
You hit the scorpion but do no damage.
The scorpion is moderately wounded.
The scorpion stings you.
* * * LOW HITPOINT WARNING * * *
You are lethally poisoned!
The scorpion poisons you!
You closely miss the scorpion.
The scorpion is moderately wounded.
* * * LOW HITPOINT WARNING * * *
You feel very sick. The scorpion barely misses you.
Unknown command.
It was a potion of berserk rage.
Your stasis prevents you from going berserk.
* * * LOW HITPOINT WARNING * * *
You feel very sick. The scorpion stings you.
You die...

.........# { ........##
.<...... { .....# {
..(# ##########.#
#..........#########...
#....[......oos@.......
#.........##.o###.##...
#.........###.###.#
#........o###.....
########..........
#o..######.. #...#... .
....###... ..## ##...


You could see a scorpion and 3 orcs.

Vanquished Creatures
  A jelly (D:5)
  Terence (D:2)
  3 adders (D:2)
  A worm (D:2)
  4 dart slugs
  8 orcs (D:3)
  5 ball pythons
  3 endoplasms (D:3)
  A giant cockroach (D:2)
  8 goblins
  11 hobgoblins
  3 jackals (D:3)
  3 quokkas
  3 bats
  6 frilled lizards
  3 kobolds
  A rat (D:1)
65 creatures vanquished.

Vanquished Creatures (others)
  4 fungi (D:4)
4 creatures vanquished.

Grand Total: 69 creatures vanquished

Notes
Turn   | Place    | Note
-------+----------+-------------------------------------------
     0 | D:1      | MisterFreud the Formicid Gladiator began the quest for the
                  | Orb.
     0 | D:1      | Reached XP level 1. HP: 16/16 MP: 1/1
     2 | D:1      | Noticed a naga
     4 | D:1      | Noticed a minotaur
     4 | D:1      | Noticed a vampire
     6 | D:1      | Noticed a merfolk
     6 | D:1      | Noticed a vine stalker
     8 | D:1      | Noticed a palentonga
     8 | D:1      | Noticed a draconian
    10 | D:1      | Noticed a gargoyle
    10 | D:1      | Noticed a troll
    12 | D:1      | Noticed a demigod
    14 | D:1      | Noticed a meteoran
    14 | D:1      | Noticed an octopode
    16 | D:1      | Noticed a formicid
    18 | D:1      | Noticed a human
    18 | D:1      | Noticed an ogre
    20 | D:1      | Noticed an elf
    20 | D:1      | Noticed a demonspawn
    22 | D:1      | Noticed a felid
    22 | D:1      | Noticed a tengu
    24 | D:1      | Noticed a gargoyle
    24 | D:1      | Noticed a ghoul
    26 | D:1      | Noticed a merfolk
    26 | D:1      | Noticed an octopode
    97 | D:1      | Found Ysid's Magic Scroll Shoppe.
   148 | D:1      | Got Sif Muna's Octavo of the Valley of Death
   179 | D:1      | Reached XP level 2. HP: 19/22 MP: 2/2
   370 | D:1      | Found a faded altar of an unknown god.
   898 | D:1      | Reached skill level 4 in Staves
   898 | D:1      | Reached XP level 3. HP: 27/27 MP: 3/3
  1456 | D:2      | You fall into a shaft and drop 1 floor!
  1718 | D:3      | Reached XP level 4. HP: 33/33 MP: 4/4
  2237 | D:2      | Reached skill level 5 in Staves
  2324 | D:2      | Noticed Terence
  2339 | D:2      | You fall into a shaft and drop 1 floor!
  2922 | D:3      | Found a shadowy altar of Dithmenos.
  2922 | D:3      | Found a sparkling altar of Nemelex Xobeh.
  2929 | D:3      | Found a shimmering blue altar of Sif Muna.
  2934 | D:3      | Found an ornate altar of the Wu Jian Council.
  2935 | D:3      | Found an iron altar of Okawaru.
  3293 | D:2      | Reached XP level 5. HP: 38/38 MP: 5/5
  3312 | D:2      | Killed Terence
  3728 | D:4      | You fall into a shaft and drop 1 floor!
  3728 | D:5      | Entered Level 5 of the Dungeon
  3758 | D:5      | Reached skill level 6 in Staves
  3772 | D:5      | Slain by a scorpion

Illustrated notes

Levels and vault maps discovered:
D:1:      kb_arrival_jail, layout_loops_ring, serial_shops, nicolae_shop_trees,
          basic_ecumenical_altar, minmay_pentomino_x4
D:2:      layout_basic, uniq_terence
D:3:      layout_loops_ring, chequers_temple_overflow_minitemple, minmay_unequal
D:4:      layout_basic, serial_aquarium, aquarium_bridge_square
          [aquarium_subvault_window, aquarium_subvault_bridge,
          aquarium_subvault_bridge, aquarium_subvault_window],
          aquarium_window_1, aquarium_window_2, aquarium_window_1,
          aquarium_view_2b, aquarium_pool_four, minmay_distorted, uniq_menkaure,
          uniq_natasha, uniq_eustachio
D:5:      layout_rooms, zin_academy

Skill      XL: |  1  2  3  4  5 |
---------------+----------------+-----
Staves         | 4 5 6 |  6.0
Fighting       | |  2.2
Throwing       | |  2.0
Armour         | |  0.2
Dodging        | |  2.6

Action                   |  1- 3 |  4- 6 || total
-------------------------+-------+-------++-------
Melee: Quarterstaff      |    82 |    97 ||   179
       Punch             |       |     2 ||     2
 Abil: Shaft Self        |       |     2 ||     2
  Use: Scroll            |     7 |     6 ||    13
       Potion            |       |     1 ||     1
 Stab: Distracted        |     1 |       ||     1
       Sleeping          |     1 |       ||     1
Armor: Leather armour    |    22 |     9 ||    31
       Chain mail        |       |    13 ||    13
Dodge: Dodged            |    54 |    50 ||   104
